 Dungeon Crawl Stone Soup version 0.14-a0-1773-ge500af7 (webtiles) character file.

190 ReteAZ the Twirler (level 4, 0/33 HPs)
             Began as a Demonspawn Gladiator on Jan 7, 2014.
             Slain by an orc wizard
             ... wielding a +0,+0 orcish falchion
              (2 damage)
             ... on Level 3 of the Dungeon.
             The game lasted 00:07:46 (2304 turns).

ReteAZ the Twirler (Demonspawn Gladiator)           Turns: 2304, Time: 00:07:46

HP   0/33        AC  6     Str 16      XL: 4   Next: 87%
MP   4/4         EV 12     Int 10      God:
Gold 62          SH  0     Dex 13      Spells:  0 memorised,  3 levels left

rFire  . . .     SeeInvis .     a - +0 quarterstaff
rCold  . . .     Clarity  .     o - +0 elf leather armour (curse)
rNeg   . . .     Conserve .     (no shield)
rPois  .         rCorr    .     c - +0 helmet
rElec  .         rRot     .     (no cloak)
SustAb . .       Spirit   .     (no gloves)
rMut   .         Warding  .     y - +0 pair of boots
Saprov + . .     Stasis   .     (no amulet)
                                (no ring)
                                (no ring)

@: slightly resistant to hostile enchantments, very unstealthy
A: icy blue scales 1, saprovore 1
a: no special abilities


You were on level 3 of the Dungeon.
You were not hungry.

You visited 1 branch of the dungeon, and saw 3 of its levels.

You collected 62 gold pieces.

Inventory:

Hand weapons
 a - a +0,+0 quarterstaff (weapon)
Missiles
 d - 2 throwing nets (quivered)
Armour
 b - a +0 leather armour
 c - a +0 helmet (worn)
 o - a cursed +0 elven leather armour (worn)
 y - a +0 pair of boots (worn)
Comestibles
 f - 6 bread rations
 g - a choko
 i - 5 sultanas
 l - 5 strawberries
 t - a meat ration
 v - 2 rotting chunks of orc flesh
 z - 3 apples
 A - a chunk of bat flesh
Scrolls
 m - a scroll of identify {unknown}
 n - 2 scrolls of enchant armour {unknown}
 p - a scroll of fog {unknown}
 r - a scroll of recharging {unknown}
 w - a scroll of noise {unknown}
 x - 2 scrolls of remove curse {unknown}
Potions
 e - a potion of paralysis {unknown}
 h - 2 potions of flight {unknown}
 j - 3 potions of curing {unknown}
 k - 2 potions of agility {unknown}
 q - a potion of heal wounds {unknown}
 s - 2 potions of mutation {unknown}
 B - a potion of restore abilities {unknown}


   Skills:
 - Level 2.0 Fighting
 + Level 5.1 Staves
 - Level 1.7 Throwing
 - Level 2.6 Dodging


You had 3 spell levels left.
You didn't know any spells.

Dungeon Overview and Level Annotations

Branches:
Dungeon (3/16)

Altars:


Innate Abilities, Weirdness & Mutations

You are partially covered in icy blue scales (AC +1).
You can tolerate rotten meat.


Message History

The orc wizard is heavily wounded.
The orc wizard struggles against the net.
You hit the orc wizard.
The orc wizard is severely wounded.
The orc wizard struggles against the net.
The net rips apart, and the orc wizard comes free!
The orc wizard hits you with an orcish falchion.
* * * LOW HITPOINT WARNING * * *
You hit the orc wizard.
The orc wizard is almost dead.
The orc wizard barely misses you.
You closely miss the orc wizard.
The orc wizard is almost dead.
The orc wizard hits you with an orcish falchion.
* * * LOW HITPOINT WARNING * * *
The orc wizard barely misses you.
You completely miss the orc wizard.
The orc wizard is almost dead.
The orc wizard hits you with an orcish falchion.
You die...

...# ... #.#.####.#.######. ...#
#.###................# ...#
#.o...#.####.#........ ...#
#####.#..(............ ...#
#.#.####.#.....#.. ...#
#o#.#............. ...#
#o#...>........... ...#
#o#.#...........#. ...#
#@#.####.#........ ...#
####.#..........[.... ...#
#........####%....... ...#
########.##.#.######.#.#.... ####
............#.#...%%.......#
####.............#.#.####.#.#.#.#
.................#.#.####.#......
....#########.##.#.#......#.#.#.#
....# #...................#


You could see an orc wizard and 2 orcs.

Vanquished Creatures
  6 adders
  A giant mite (D:1)
  3 giant geckos
  7 orcs
  2 giant cockroaches (D:1)
  6 hobgoblins
  A quokka (D:3)
  A ball python (D:1)
  10 bats
  2 giant newts
  9 goblins
  4 kobolds
  9 rats
61 creatures vanquished.

Notes
Turn   | Place    | Note
--------------------------------------------------------------
     0 | D:1      | ReteAZ, the Demonspawn Gladiator, began the quest for the Orb.
     0 | D:1      | Reached XP level 1. HP: 16/16 MP: 1/1
     1 | D:1      | Noticed a felid
     1 | D:1      | Noticed a centaur
     3 | D:1      | Noticed a naga
     3 | D:1      | Noticed a minotaur
     5 | D:1      | Noticed a vampire
     6 | D:1      | Noticed a spriggan
     7 | D:1      | Noticed a naga
     8 | D:1      | Noticed a human
    10 | D:1      | Noticed a human
    12 | D:1      | Noticed a centaur
    12 | D:1      | Noticed a centaur
    13 | D:1      | Noticed a minotaur
    14 | D:1      | Noticed a minotaur
    14 | D:1      | Noticed an elf
    16 | D:1      | Noticed a minotaur
    16 | D:1      | Noticed a naga
    18 | D:1      | Noticed a spriggan
    19 | D:1      | Noticed a naga
    95 | D:1      | Reached skill level 3 in Staves
    95 | D:1      | Gained mutation: You can tolerate rotten meat. [demonic ancestry]
    95 | D:1      | Reached XP level 2. HP: 22/22 MP: 2/2
   798 | D:2      | Gained mutation: You are partially covered in icy blue scales (AC +1). [demonic ancestry]
   798 | D:2      | Reached XP level 3. HP: 27/27 MP: 3/3
   876 | D:2      | Reached skill level 4 in Staves
  1207 | D:2      | Reached XP level 4. HP: 33/33 MP: 4/4
  2079 | D:3      | Reached skill level 5 in Staves
  2304 | D:3      | Slain by an orc wizard

Action                   |  1- 3 |  4- 6 || total
-------------------------+-------+-------++-------
Melee: Quarterstaff      |    96 |   113 ||   209
Throw: Tomahawk          |       |     8 ||     8
       Throwing net      |       |     1 ||     1
